 Dungeon Crawl Stone Soup version 0.27.1-1-g398f81649c (webtiles) character file.

Game seed: 2956988194513436985

294931 Brecoman the Severer (level 20, -1/159 HPs)
             Began as a Gnoll Warper on Sept 6, 2021.
             Was a High Priest of Lugonu.
             Succumbed to a tengu reaver's bolt of poison
             ... while paralysed by a vampire knight
             ... on level 1 of the Vaults on Sept 15, 2021.
             The game lasted 04:18:06 (64283 turns).

Brecoman the Severer (Gnoll Warper)                Turns: 64283, Time: 04:18:06

Health: -1/159     AC: 40    Str: 26    XL:     20   Next: 87%
Magic:  26/47      EV:  2    Int: 13    God:    Lugonu [*****.]
Gold:   998        SH:  0    Dex: 12    Spells: 3/47 levels left

rFire    + . .     SeeInvis +   P - +9 broad axe of Entrepreneurial Spirit {vorpal, rF+ SInv}
rCold    . . .     Faith    .   k - +0 buckler of the Stag {Rampage MP+9 Str+4}
rNeg     + . .     Spirit   .   l - +27 Lear's hauberk
rPois    .         Reflect  +   (helmet currently unavailable)
rElec    +         Harm     .   F - scarf {shadows}
rCorr    .         Rampage  +   (gloves currently unavailable)
Will     +....                  (boots currently unavailable)
Stlth    ++........             L - amulet of reflection
HPRegen  0.36/turn              O - ring of wizardry
MPRegen  0.30/turn              M - ring "Yfuoxom" {rElec rN+ EV+4 Str+3 Slay+3}

@: paralysed, lethally poisoned (-1 -> -15), studying Axes
A: fangs 1, strong nose, distributed training
}: 2/15 runes: barnacled, gossamer
a: Renounce Religion, Depart the Abyss, Bend Space, Banish, Corrupt, Enter the
Abyss


You were on level 1 of the Vaults.
You worshipped Lugonu.
Lugonu was extremely pleased with you.
You visited 6 branches of the dungeon, and saw 32 of its levels.
You visited the Abyss 1 time.
You also visited: Ossuary.

You collected 3383 gold pieces.
You spent 2385 gold pieces at shops.

Inventory:

Hand Weapons
 P - the +9 broad axe of Entrepreneurial Spirit (weapon) {vorpal, rF+ SInv}
   (You found it on level 1 of the Spider Nest)

   It inflicts extra damage upon your enemies.
   rF:        It protects you from fire.
   SInv:      It lets you see invisible.
Missiles
 d - 17 boomerangs of dispersal
 f - 4 silver boomerangs
 p - 23 silver javelins (quivered)
 J - 6 throwing nets
Armour
 j - the +2 hood of the Assassin {Detection Stab+ Stlth++}
   (You found it on level 4 of the Shoals)

   It allows the wearer to sense nearby creatures.
   It allows the wearer to make particularly effective stabbing attacks against
   helpless or unaware enemies with any weapon.
   Stlth:     It makes you much more stealthy.
 k - the +0 buckler of the Stag (worn) {Rampage MP+9 Str+4}
   (You acquired it on level 8 of the Dungeon)

   Str:       It affects your strength (+4).
   MP:        It affects your magic capacity (+9).
   Rampage:   It bestows one free step when moving towards enemies.
 l - the +27 Lear's hauberk (worn)
   (You acquired it on level 5 of the Lair of Beasts)
 F - a scarf of shadows (worn)
Jewellery
 q - the ring "Oruozi Jeah" {rF+ Int+6}
   (You found it on level 4 of the Shoals)

   [ring of intelligence]

   Int:       It affects your intelligence (+6).
   rF:        It protects you from fire.
 x - a ring of poison resistance
 I - a +6 ring of intelligence
 L - an amulet of reflection (around neck)
 M - the ring "Yfuoxom" (right hand) {rElec rN+ EV+4 Str+3 Slay+3}
   (You bought it in a shop on level 2 of the Orcish Mines)

   [ring of evasion]

   EV:        It affects your evasion (+4).
   Str:       It affects your strength (+3).
   Slay:      It affects your accuracy & damage with ranged weapons and melee
   (+3).
   rElec:     It insulates you from electricity.
   rN:        It protects you from negative energy.
 O - a ring of wizardry (left hand)
 Z - a +6 ring of dexterity
Wands
 e - a wand of paralysis (38)
 o - a wand of digging (8)
 u - a wand of charming (11)
 R - a wand of flame (106)
 S - a wand of mindburst (22)
 Y - a wand of iceblast (44)
Scrolls
 a - 5 scrolls of teleportation
 b - 11 scrolls of identify
 c - 5 scrolls of blinking
 r - a scroll of summoning
 s - 2 scrolls of brand weapon
 t - 3 scrolls of fog
 w - 3 scrolls of fear
 y - a scroll of vulnerability
 G - 4 scrolls of enchant armour
 H - 2 scrolls of magic mapping
 K - 3 scrolls of enchant weapon
 V - 3 scrolls of torment
 W - 2 scrolls of amnesia
Potions
 h - 3 potions of resistance
 i - 10 potions of curing
 m - 3 potions of haste
 n - a potion of invisibility
 v - 6 potions of lignification
 z - 3 potions of magic
 A - 8 potions of attraction
 B - 4 potions of mutation
 C - 5 potions of ambrosia
 D - 3 potions of flight
 E - 6 potions of cancellation
 Q - 3 potions of berserk rage
 T - a potion of brilliance
 X - 3 potions of might
Miscellaneous
 g - a phantom mirror (inert)
 N - a lightning rod (4/4)


   Skills:
 + Level 14.2 Fighting
 + Level 13.6 Short Blades
 + Level 13.6 Long Blades
 + Level 15.4 Axes
 + Level 14.2 Maces & Flails
 + Level 13.6 Polearms
 + Level 13.6 Staves
 + Level 13.6 Slings
 + Level 13.6 Bows
 + Level 13.6 Crossbows
 + Level 13.8 Throwing
 + Level 13.8 Armour
 + Level 14.2 Dodging
 + Level 13.6 Stealth
 + Level 13.6 Shields
 + Level 13.6 Unarmed Combat
 + Level 14.3 Spellcasting
 + Level 11.7 Conjurations
 + Level 11.7 Hexes
 + Level 11.7 Summonings
 + Level 11.7 Necromancy
 + Level 12.7 Translocations
 + Level 11.7 Transmutations
 + Level 11.7 Fire Magic
 + Level 11.7 Ice Magic
 + Level 11.7 Air Magic
 + Level 11.7 Earth Magic
 + Level 11.7 Poison Magic
 + Level 14.7 Invocations
 + Level 13.6 Evocations


You had 3 spell levels left.
You knew the following spells:

 Your Spells              Type           Power      Damage    Failure   Level
a - Blink                 Tloc           N/A        N/A       1%          2
b - Gell's Gravitas       Tloc           21%        N/A       1%          3
c - Poisonous Vapours     Pois/Air       78%        N/A       1%          2
d - Summon Mana Viper     Hex/Summ       39%        N/A       2%          5
e - Frozen Ramparts       Ice            78%        1d9       1%          3
f - Swiftness             Air            39%        N/A       1%          3
g - Sticky Flame          Conj/Fire      39%        2d6       1%          4
h - Airstrike             Air            19%        N/A       1%          4
i - Olgreb's Toxic Radia  Pois           39%        N/A       1%          4
j - Animate Armour        Summ/Erth      78%        N/A       1%          4
k - Manifold Assault      Tloc           42%        N/A       1%          5
l - Summon Forest         Summ/Tloc      20%        N/A       1%          5

Your spell library contained the following spells:

 Spells                   Type           Power      Damage    Failure   Level
 Animate Skeleton         Necr           78%        N/A       1%          1
 Apportation              Tloc           84%        N/A       1%          1
 Corona                   Hex            43%        N/A       1%          1
 Freeze                   Ice            100%       1d11      1%          1
 Magic Dart               Conj           100%       1d8       1%          1
 Shock                    Conj/Air       100%       1d9       1%          1
 Summon Small Mammal      Summ           100%       N/A       1%          1
 Corpse Rot               Necr/Air       N/A        N/A       1%          2
 Slow                     Hex            39%        N/A       1%          2
 Static Discharge         Conj/Air       39%        N/A       1%          2
 Call Canine Familiar     Summ           39%        N/A       1%          3
 Confusing Touch          Hex            39%        N/A       1%          3
 Ignite Poison            Fire/Tmut/Pois 39%        N/A       1%          3
 Lesser Beckoning         Tloc           21%        N/A       1%          3
 Mephitic Cloud           Conj/Pois/Air  39%        N/A       1%          3
 Ozocubu's Armour         Ice            39%        N/A       1%          3
 Summon Guardian Golem    Hex/Summ       39%        N/A       1%          3
 Teleport Other           Tloc           42%        N/A       1%          3
 Vampiric Draining        Necr           19%        2d8       1%          3
 Dispel Undead            Necr           39%        3d16      1%          4
 Hailstorm                Conj/Ice       39%        3d9       1%          4
 Ice Form                 Ice/Tmut       39%        N/A       1%          4
 Summon Ice Beast         Ice/Summ       39%        N/A       1%          4
 Blade Hands              Tmut           19%        N/A       2%          5
 Bolt of Magma            Conj/Fire/Erth 19%        4d10      2%          5
 Freezing Cloud           Conj/Ice/Air   19%        6-21      2%          5
 Metabolic Englaciation   Hex/Ice        19%        N/A       2%          5
 Eringya's Noxious Bog    Tmut/Pois      19%        N/A       14%         6
 Iron Shot                Conj/Erth      19%        9d4       14%         6
 Shadow Creatures         Summ           N/A        N/A       14%         6
 Simulacrum               Ice/Necr       19%        N/A       14%         6
 Malign Gateway           Summ/Tloc      20%        N/A       50%         7
 Monstrous Menagerie      Summ           19%        N/A       56%         7
 Ozocubu's Refrigeration  Ice            19%        4d8       56%         7
 Storm Form               Tmut/Air       19%        N/A       56%         7
 Ignition                 Fire           19%        3d7       99%         8
 Chain Lightning          Conj/Air       19%        3d26      100%        9


Dungeon Overview and Level Annotations

Branches:
Dungeon (15/15)            Temple (0/1) D:6            Lair (6/6) D:8
 Shoals (4/4) Lair:3       Spider (4/4) Lair:2        Slime (0/5) Lair:6
    Orc (2/2) D:12            Elf (0/3) Orc:2        Vaults (1/5) D:14
 Depths (0/5) D:15        Ossuary (visited)

Altars:
Dithmenos
Elyvilon
Makhleb
Okawaru
Ru
Yredelemnul
The Shining One
Beogh
Jiyva
Lugonu

Shops:
D:7 (   D:15 (=:   Orc:2 !(=[   Shoals:2 ?   Shoals:3 *

Annotations:
D:2 exclusion: 2 doors
D:4 2 transporters, AarnesTheHuman's ghost, novice OgHu
Lair:5 corrupted, exclusion: oklob plant
Lair:6 1 runed translucent door, exclusion: obsidian statue
Abyss:1 Josephine; Maggie; Maurice; Pikel; Sonja


Innate Abilities, Weirdness & Mutations

You have very sharp teeth.
Your uncanny sense of smell can sniff out nearby items.
Your experience applies equally to all skills.


Message History

The tengu reaver's magic leaks into the air.
The tengu reaver casts a spell at you.
The bolt of poison hits your mana viper!
The bolt of poison hits you!
You are poisoned.
* * * LOW HITPOINT WARNING * * *
You feel very sick.
Your mana viper barely misses the tengu reaver.
Your mana viper misses the tengu reaver.
The tengu reaver closely misses your mana viper.
The tengu reaver pecks your mana viper! The tengu reaver claws your mana viper.
A boggart comes into view.
You feel very sick.
The vampire knight blinks!
The boggart moves out of view.
Found a stone staircase leading down.
You feel sick.
The vampire knight casts a spell at you.
You suddenly lose the ability to move!
You feel sick. x2
The boggart shouts!
Your mana viper closely misses the tengu reaver.
The boggart mumbles some strange words.
The vampire knight hits you from afar with a +0 bardiche!!
* * * LOW HITPOINT WARNING * * *
The tengu reaver points at you and mumbles some strange words.
The bolt of poison hits you.
You are lethally poisoned!
* * * LOW HITPOINT WARNING * * *
Your mana viper bites the tengu reaver!
The tengu reaver's magic leaks into the air.
Your mana viper bites the tengu reaver!
The tengu reaver's magic leaks into the air.
* * * LOW HITPOINT WARNING * * *
You feel very sick.
Your mana viper disappears in a puff of smoke!
The vampire knight hits you but does no damage.
Your mana viper closely misses the tengu reaver.
The tengu reaver falters for a moment.
The great orb of eyes gazes at you.
You feel your power leaking away.
You die...

..........[[.....................
...........[≈≈≈...♣..............
.................................
............)................)...
.................................
............)....................
.........).§.[V..................
...........S†....................
...........Q)...@........^.......
#####..........##'###############
#..........# ... #..........#
.>... #..........# ......
#..........# ...#G# #..........#
...#g. #..........# #..........#


You could see a tengu reaver (ally target), a vampire knight, a great orb of
eyes (summoned), a boggart and a friendly mana viper (summoned).

Vanquished Creatures
  An acid blob (Spider:2)
  A tentacled starspawn (Abyss:2)
  2 krakens
  Agnes (Spider:1)
  The ghost of Lotaimix the Messiah, an adept HOFi of Beogh (Spider:2)
  A revenant (Abyss:1)
  5 ghost moths
  4 frost giants
  A draconian scorcher (Abyss:2)
  An emperor scorpion (Abyss:1)
  The ghost of Kuerar the Basher, a journeyman BaFi of Cheibriados (Lair:4)
  3 ironbound preservers
  A stone giant (Vaults:1)
  An entropy weaver (shapeshifter) (D:15)
  The ghost of Uvinaotu the Blocker, a journeyman MiFi of the Shining One (D:15)
  3 dire elephants
  A minotaur (D:15)
  A lorocyproca (Abyss:2)
  6 entropy weavers
  The ghost of reativica the Archer, a journeyman CeHu of Fedhas (Spider:1)
  A merfolk javelineer (Shoals:2)
  An ettin (Orc:1)
  8 merfolk impalers
  A yaktaur captain (Vaults:1)
  A rakshasa (D:11)
  An ironbound thunderhulk (Vaults:1)
  6 vault guards (Vaults:1)
  13 hydras
  2 boulder beetles
  3 centaur warriors
  3 merfolk avatars
  2 alligator snapping turtles (Shoals:4)
  19 two-headed ogres
  2 death knights
  5 ogre magi
  An ironbound frostheart (Vaults:1)
  23 death yaks
  A merfolk aquamancer (Shoals:3)
  A catoblepas (Shoals:2)
  2 satyrs (Shoals:2)
  Urug (Lair:1)
  2 thrashing horrors (Abyss:2)
  2 tengu warriors (D:15)
  An ironbound beastmaster (Vaults:1)
  2 wretched stars (Abyss:2)
  3 spectral death yaks
  16 skeletal warriors
  A spectral anaconda (Lair:6)
  A sixfirhy (Abyss:2)
  A spatial maelstrom (Abyss:2)
  A glowing orange brain (Abyss:2)
  13 sea snakes
  6 deep trolls
  A wizard (Vaults:1)
  4 lindwurms
  8 orc knights
  A harpy (shapeshifter) (Abyss:2)
  An ironbound convoker (Vaults:1)
  3 deep elf pyromancers
  3 necromancers (Lair:6)
  20 harpies
  A spectral wolf spider (Spider:2)
  15 orb spiders
  25 ugly things
  An orc sorcerer (Orc:2)
  13 cyclopes
  A moth of wrath (Spider:2)
  28 wolf spiders
  14 fauns
  3 large abominations
  An oklob plant (Spider:2)
  19 elephants
  15 manticores
  A black mamba (shapeshifter) (D:15)
  8 merfolk sirens
  10 water nymphs
  A vault sentinel (Vaults:1)
  A dire elephant zombie (Lair:6)
  A molten gargoyle (D:14)
  11 black mambas
  An apocalypse crab (Abyss:2)
  A torpor snail (Lair:5)
  2 smoke demons (Abyss:2)
  2 gargoyles
  A cane toad (shapeshifter) (D:13)
  21 cane toads
  2 unseen horrors
  2 dire elephant skeletons (Lair:6)
  2 rime drakes (Lair:4)
  An efreet (D:15)
  2 freezing wraiths (D:14)
  A tormentor (Abyss:2)
  A spark wasp simulacrum (Spider:2)
  4 komodo dragons
  An ancient zyme (Abyss:2)
  8 demonic crawlers
  8 wind drakes
  A spectral tarantella (Spider:2)
  32 jumping spiders
  17 trolls
  16 merfolk
  2 polar bears
  8 hornets
  3 raiju (Abyss:2)
  A wolf spider simulacrum (Spider:2)
  2 slime creatures
  A spectral jumping spider (Spider:2)
  8 blink frogs
  10 snapping turtles
  19 dream sheep
  2 centaur simulacra
  70 redbacks
  A shadow (D:13)
  4 small abominations (Abyss:2)
  10 water elementals
  20 tarantellas
  5 wraiths
  2 ynoxinuls (Abyss:2)
  A yak (shapeshifter) (D:11)
  3 wyverns
  67 yaks
  3 steam dragons
  4 golden eyes (Abyss:2)
  4 basilisks
  An emperor scorpion simulacrum (Spider:2)
  2 redback simulacra (Spider:2)
  A chaos spawn (Abyss:2)
  A spectral orb spider (Spider:2)
  11 vampire mosquitoes
  2 spectral cane toads (Lair:6)
  11 wargs
  8 acid dragons
  27 water moccasins
  24 orc warriors
  A black bear (D:6)
  An ice beast (D:8)
  A sky beast (D:5)
  A hornet zombie (D:6)
  2 necrophages
  20 ogres
  16 centaurs
  15 wolves
  7 boggarts
  3 elephant zombies (Lair:6)
  4 elephant skeletons (Lair:6)
  2 phantoms
  2 lemures (D:8)
  10 bullfrogs
  3 kobold brigands
  An elf zombie (Ossuary)
  An orb spider simulacrum (Spider:2)
  A scorpion (D:7)
  A water moccasin zombie (D:5)
  A gnoll sergeant (D:12)
  A wyvern skeleton (D:6)
  5 killer bees (D:9)
  4 electric eels
  5 wights (D:7)
  A vampire bat (Orc:2)
  6 howler monkeys
  2 lava snakes (Lair:4)
  8 centaur zombies
  A quasit (Abyss:1)
  A jelly (D:7)
  2 bullfrog zombies (D:6)
  A human zombie (Ossuary)
  18 orc priests
  2 gnoll shamans
  3 bullfrog skeletons
  2 hounds (D:6)
  An iron imp (Abyss:2)
  22 orc wizards
  Ijyb (D:5)
  2 iguanas
  4 hell rats (Lair:6)
  3 mummies
  4 adders
  20 gnolls
  A howler monkey skeleton (D:5)
  2 white imps
  A worm (D:2)
  3 dart slugs
  93 orcs
  6 endoplasms
  A giant cockroach (D:1)
  5 goblins
  6 hobgoblins
  6 jackals
  8 quokkas
  2 ball pythons (D:3)
  9 bats
  A frilled lizard (D:1)
  A goblin zombie (Ossuary)
  9 hobgoblin zombies (Ossuary)
  2 jackal zombies (Ossuary)
  16 kobolds
  8 kobold zombies (Ossuary)
  10 orc zombies (Ossuary)
  A rat (D:1)
  2 rat zombies (Ossuary)
  A starspawn tentacle (Abyss:2)
  5 tentacles
1268 creatures vanquished.

Vanquished Creatures (collateral kills)
  A lich (Vaults:1)
  Polyphemus (Shoals:2)
  A shadow dragon (Vaults:1)
  A fire giant (Vaults:1)
  2 merfolk javelineers
  2 merfolk impalers
  An ironbound frostheart (Vaults:1)
  A hydra (D:14)
  2 death yaks (Shoals:2)
  A merfolk aquamancer (Shoals:4)
  A sea snake (Shoals:2)
  7 manticores
  An oklob plant (Shoals:4)
  2 wolf spiders (Spider:3)
  An orb spider (Spider:3)
  2 harpies (Shoals:3)
  2 fauns (Shoals:2)
  2 cyclopes
  12 merfolk
  2 jumping spiders
  2 wind drakes
  A dream sheep (Shoals:3)
  2 snapping turtles
50 creatures vanquished.

Vanquished Creatures (others)
  Rupert (Lair:5)
  An ironbound beastmaster (Vaults:1)
  A merfolk siren (Shoals:2)
  A manticore (Shoals:1)
  A jumping spider (Spider:4)
  A raiju (Abyss:2)
  2 golden eyes (Abyss:2)
  A boggart (D:15)
  A small abomination (Abyss:2)
  26 fungi
  A lurking horror (Abyss:2)
  134 plants
  3 snaplasher vines
  A starspawn tentacle (Abyss:2)
  21 tentacles
  21 withered plants (Lair:6)
217 creatures vanquished.

Grand Total: 1535 creatures vanquished

Notes
Turn   | Place    | Note
-------+----------+-------------------------------------------
     0 | D:1      | Brecoman the Gnoll Warper began the quest for the Orb.
     0 | D:1      | Reached XP level 1. HP: 20/20 MP: 6/6
     2 | D:1      | Found a faded altar of an unknown god.
   502 | D:1      | Reached XP level 2. HP: 16/26 MP: 7/7
   629 | D:1      | Became a worshipper of Lugonu the Unformed
   629 | D:1      | Reached * piety under Lugonu
   629 | D:1      | Reached ** piety under Lugonu
  1645 | D:2      | Reached XP level 3. HP: 14/31 MP: 9/9
  1966 | D:2      | Reached skill level 5 in Spellcasting
  2350 | D:2      | Reached skill level 1 in Invocations
  2765 | D:2      | Reached skill level 1 in Short Blades
  2765 | D:2      | Reached skill level 1 in Long Blades
  2765 | D:2      | Reached skill level 1 in Axes
  2765 | D:2      | Reached skill level 1 in Polearms
  2765 | D:2      | Reached skill level 1 in Staves
  2765 | D:2      | Reached skill level 1 in Slings
  2765 | D:2      | Reached skill level 1 in Bows
  2765 | D:2      | Reached skill level 1 in Crossbows
  2765 | D:2      | Reached skill level 1 in Stealth
  2765 | D:2      | Reached skill level 1 in Shields
  2765 | D:2      | Reached skill level 1 in Unarmed Combat
  2765 | D:2      | Reached skill level 1 in Evocations
  2944 | D:3      | Reached XP level 4. HP: 38/38 MP: 11/11
  3525 | D:2      | Reached skill level 1 in Conjurations
  3525 | D:2      | Reached skill level 1 in Hexes
  3525 | D:2      | Reached skill level 1 in Summonings
  3525 | D:2      | Reached skill level 1 in Necromancy
  3525 | D:2      | Reached skill level 1 in Transmutations
  3525 | D:2      | Reached skill level 1 in Fire Magic
  3525 | D:2      | Reached skill level 1 in Ice Magic
  3525 | D:2      | Reached skill level 1 in Air Magic
  3525 | D:2      | Reached skill level 1 in Earth Magic
  3525 | D:2      | Reached skill level 1 in Poison Magic
  4210 | D:3      | Reached XP level 5. HP: 17/43 MP: 12/12
  4905 | D:4      | Noticed a small abomination
  4917 | D:4      | Noticed a small abomination
  4927 | D:4      | Found a transporter.
  4929 | D:4      | Found a transporter.
  4933 | D:4      | Noticed an ancient zyme
  4936 | D:4      | Noticed AarnesTheHuman's ghost (novice OgHu)
  5604 | D:5      | Entered Level 5 of the Dungeon
  5608 | D:5      | Noticed a phantom
  5631 | D:4      | Killed a phantom
  5632 | D:4      | Reached skill level 5 in Fighting
  5632 | D:4      | Reached skill level 5 in Maces & Flails
  5632 | D:4      | Reached skill level 5 in Dodging
  5632 | D:4      | Reached XP level 6. HP: 12/51 MP: 14/14
  6178 | D:4      | Reached skill level 2 in Axes
  6343 | D:5      | Noticed Ijyb
  6376 | D:5      | Killed Ijyb
  6556 | D:5      | Noticed a sky beast
  6598 | D:5      | Killed a sky beast
  6599 | D:5      | Reached XP level 7. HP: 35/56 MP: 15/15
  7111 | D:5      | Noticed a wyvern
  7471 | D:4      | Killed a wyvern
  7880 | D:5      | Reached XP level 8. HP: 34/63 MP: 16/16
  8027 | D:6      | Reached skill level 3 in Axes
  8480 | D:6      | Reached *** piety under Lugonu
  8692 | D:6      | Found a staircase to the Ecumenical Temple.
  9989 | D:7      | Reached XP level 9. HP: 57/69 MP: 18/18
 10047 | D:7      | Learned a level 2 spell: Blink
 10051 | D:7      | Learned a level 3 spell: Gell's Gravitas
 10202 | D:7      | Found a runed translucent door.
 10317 | D:7      | Reached skill level 4 in Axes
 10444 | D:7      | Noticed Maggie
 10470 | D:7      | Banished Maggie
 10471 | D:7      | Reached skill level 5 in Throwing
 10471 | D:7      | Reached skill level 5 in Armour
 10617 | D:7      | Noticed a two-headed ogre
 10619 | D:7      | Noticed a purple ugly thing
 10691 | D:6      | Killed a purple ugly thing
 11611 | D:6      | Reached skill level 5 in Invocations
 11645 | D:6      | Banished a two-headed ogre
 11646 | D:6      | Reached XP level 10. HP: 69/77 MP: 11/20
 11774 | D:7      | Reached skill level 5 in Short Blades
 11774 | D:7      | Reached skill level 5 in Long Blades
 11774 | D:7      | Reached skill level 5 in Axes
 11774 | D:7      | Reached skill level 5 in Polearms
 11774 | D:7      | Reached skill level 5 in Staves
 11774 | D:7      | Reached skill level 5 in Slings
 11774 | D:7      | Reached skill level 5 in Bows
 11774 | D:7      | Reached skill level 5 in Crossbows
 11774 | D:7      | Reached skill level 5 in Stealth
 11774 | D:7      | Reached skill level 5 in Shields
 11774 | D:7      | Reached skill level 5 in Unarmed Combat
 11774 | D:7      | Reached skill level 5 in Evocations
 11789 | D:7      | Identified the +1 chain mail of Restlessness {rPois Str+4
                  | Int+3}
 12187 | D:7      | Found Ideneloc's Weapon Shop.
 12834 | D:7      | Reached skill level 6 in Axes
 12834 | D:7      | Reached skill level 5 in Conjurations
 12834 | D:7      | Reached skill level 5 in Hexes
 12834 | D:7      | Reached skill level 5 in Summonings
 12834 | D:7      | Reached skill level 5 in Necromancy
 12834 | D:7      | Reached skill level 5 in Transmutations
 12834 | D:7      | Reached skill level 5 in Fire Magic
 12834 | D:7      | Reached skill level 5 in Ice Magic
 12834 | D:7      | Reached skill level 5 in Air Magic
 12834 | D:7      | Reached skill level 5 in Earth Magic
 12834 | D:7      | Reached skill level 5 in Poison Magic
 12834 | D:7      | Reached XP level 11. HP: 76/86 MP: 21/23
 13204 | D:8      | Identified 3 scrolls of acquirement
 13204 | D:8      | Acquired the +0 buckler of the Stag {Rampage MP+9 Str+4}
 13286 | D:8      | Noticed Maurice
 13305 | D:8      | Found a sand-covered staircase.
 13310 | Ossuary  | Entered an ossuary
 13321 | Ossuary  | Reached **** piety under Lugonu
 13560 | D:8      | Reached ***** piety under Lugonu
 13567 | D:8      | Banished Maurice
 13675 | D:8      | Identified the +3 trident of the Jester {pain, rPois}
 13680 | D:8      | Learned a level 2 spell: Poisonous Vapours
 13869 | D:8      | Noticed Pikel
 13886 | D:8      | Paralysed by Pikel for 3 turns
 13890 | D:8      | Banished Pikel
 14512 | D:8      | Found a staircase to the Lair.
 15049 | D:9      | Found a white marble altar of Elyvilon.
 15249 | D:9      | Reached XP level 12. HP: 77/94 MP: 24/24
 15502 | D:9      | Found a basalt altar of Yredelemnul.
 15553 | D:9      | Reached skill level 7 in Axes
 16414 | D:9      | Found an iron altar of Okawaru.
 16574 | D:10     | Entered Level 10 of the Dungeon
 16926 | Lair:1   | Entered Level 1 of the Lair of Beasts
 17149 | Lair:1   | Noticed Urug
 17169 | Lair:1   | Killed Urug
 17683 | Lair:1   | Noticed a four-headed hydra
 17712 | Lair:1   | Killed a four-headed hydra
 18427 | Lair:2   | Noticed a six-headed hydra
 18445 | Lair:2   | Killed a six-headed hydra
 18499 | Lair:2   | Noticed a death yak
 18499 | Lair:2   | Noticed a death yak
 18535 | Lair:1   | Killed a death yak
 18666 | Lair:2   | Noticed a death yak
 18667 | Lair:2   | Noticed a death yak
 18700 | Lair:1   | Killed a death yak
 18755 | Lair:2   | Noticed a death yak
 18765 | Lair:1   | Killed a death yak
 18855 | Lair:2   | Noticed a death yak
 18876 | Lair:1   | Killed a death yak
 19075 | Lair:1   | Learned a level 3 spell: Call Canine Familiar
 19079 | Lair:1   | Learned a level 3 spell: Frozen Ramparts
 19371 | Lair:1   | Killed a death yak
 19372 | Lair:1   | Reached XP level 13. HP: 87/101 MP: 26/26
 19552 | Lair:2   | Reached skill level 8 in Axes
 20242 | Lair:2   | Acquired a +2 kite shield of cold resistance
 20505 | Lair:2   | Found a hole to the Spider Nest.
 21225 | Lair:3   | Found a staircase to the Shoals.
 23274 | Lair:3   | Reached skill level 10 in Spellcasting
 24077 | Lair:4   | Found a runed translucent gate.
 24077 | Lair:4   | Found a runed translucent gate.
 24077 | Lair:4   | Found a runed translucent gate.
 24087 | Lair:4   | Noticed Kuerar's ghost (journeyman BaFi)
 24156 | Lair:4   | Reached XP level 14. HP: 96/109 MP: 28/28
 24166 | Lair:4   | Reached skill level 10 in Fighting
 24166 | Lair:4   | Reached skill level 10 in Maces & Flails
 24166 | Lair:4   | Reached skill level 10 in Dodging
 24855 | Lair:3   | Reached skill level 9 in Axes
 25772 | Lair:5   | Found a shadowy altar of Dithmenos.
 26056 | Lair:5   | Reached skill level 10 in Invocations
 27322 | Lair:6   | Entered Level 6 of the Lair of Beasts
 27783 | Lair:6   | Found a runed translucent door.
 27787 | Lair:6   | Found a viscous altar of Jiyva.
 28136 | Lair:6   | Reached skill level 10 in Throwing
 28136 | Lair:6   | Reached skill level 10 in Armour
 28287 | Lair:6   | Noticed Sonja
 28288 | Lair:6   | Banished Sonja
 28289 | Lair:6   | Reached XP level 15. HP: 94/117 MP: 29/29
 28422 | Lair:6   | Noticed Rupert
 28456 | Lair:6   | HP: 1/117 [Rupert (35)]
 28467 | Lair:6   | Paralysed by Rupert for 4 turns
 29193 | Lair:5   | Acquired the +27 Lear's hauberk
 29193 | Lair:5   | Found the +27 Lear's hauberk
 29225 | Lair:6   | Paralysed by Rupert for 5 turns
 29232 | Lair:5   | Corrupted Lair:5
 29232 | Lair:5   | Noticed a dread lich
 29233 | Lair:5   | Paralysed by a dread lich for 6 turns
 29235 | Lair:5   | Killed Rupert
 29810 | Lair:6   | Reached skill level 10 in Translocations
 30323 | Lair:6   | Found a staircase to the Slime Pits.
 30787 | Lair:6   | Reached skill level 10 in Short Blades
 30787 | Lair:6   | Reached skill level 10 in Long Blades
 30787 | Lair:6   | Reached skill level 10 in Axes
 30787 | Lair:6   | Reached skill level 10 in Polearms
 30787 | Lair:6   | Reached skill level 10 in Staves
 30787 | Lair:6   | Reached skill level 10 in Slings
 30787 | Lair:6   | Reached skill level 10 in Bows
 30787 | Lair:6   | Reached skill level 10 in Crossbows
 30787 | Lair:6   | Reached skill level 10 in Stealth
 30787 | Lair:6   | Reached skill level 10 in Shields
 30787 | Lair:6   | Reached skill level 10 in Unarmed Combat
 30787 | Lair:6   | Reached skill level 10 in Evocations
 31571 | Lair:6   | Identified the ring of Waess {*Corrode Fly rN+ Dex+7}
 32647 | D:10     | Learned a level 3 spell: Swiftness
 33189 | D:10     | Found a sacrificial altar of Ru.
 33189 | D:10     | Found a glowing golden altar of the Shining One.
 34057 | D:11     | Identified the +6 shortbow of Syritucs {venom, *Slow rPois
                  | Int+5}
 35068 | D:12     | Found a staircase to the Orcish Mines.
 35303 | D:7      | Bought the +12 rapier "Bucil" {flame, rElec rPois rN+
                  | Dex-5} for 1265 gold pieces
 35507 | D:12     | Reached XP level 16. HP: 122/125 MP: 31/31
 35878 | Orc:1    | Entered Level 1 of the Orcish Mines
 37680 | Orc:2    | Entered Level 2 of the Orcish Mines
 38126 | Orc:2    | Found a staircase to the Elven Halls.
 38332 | Orc:2    | Reached ****** piety under Lugonu
 39230 | Orc:2    | Found Ricef's Jewellery Shop.
 39441 | Orc:2    | Found Seffyomimpy's Distillery.
 39446 | Orc:2    | Found Wuiman's Armour Emporium.
 39455 | Orc:2    | Found Ciulov's Antique Weapon Boutique.
 39662 | Orc:2    | Bought the ring "Yfuoxom" {rElec rN+ EV+4 Str+3 Slay+3} for
                  | 877 gold pieces
 39784 | D:13     | Reached skill level 11 in Axes
 40962 | D:13     | Noticed Josephine
 40964 | D:13     | Banished Josephine
 41535 | D:14     | Reached XP level 17. HP: 83/133 MP: 33/33
 41760 | D:14     | Learned a level 3 spell: Ozocubu's Armour
 42197 | D:14     | Found a gate to the Vaults.
 42558 | D:15     | Entered Level 15 of the Dungeon
 42563 | D:15     | Found Leetiwox's Jewellery Shoppe.
 42664 | D:15     | Found Kameoqyj's Antique Weapon Boutique.
 42672 | D:15     | Bought a shimmering morningstar for 243 gold pieces
 42672 | D:15     | Identified the +5 morningstar "Gonuomef" {drain, rElec
                  | Int+4} (You bought it in a shop on level 15 of the Dungeon)
 42898 | D:15     | Found a runed translucent gate.
 42898 | D:15     | Found a runed translucent gate.
 42904 | D:15     | Found a runed translucent gate.
 42905 | D:15     | Noticed Uvinaotu's ghost (journeyman MiFi)
 42926 | D:15     | Found Aqijukkom's Book Emporium.
 43305 | D:15     | Found a sacrificial altar of Ru.
 43391 | D:15     | Learned a level 4 spell: Airstrike
 43396 | D:15     | Learned a level 4 spell: Olgreb's Toxic Radiance
 43512 | D:15     | Found a staircase to the Depths.
 43974 | Spider:1 | Entered Level 1 of the Spider Nest
 44043 | Spider:1 | Found a runed translucent door.
 44194 | Spider:1 | Reached skill level 10 in Conjurations
 44194 | Spider:1 | Reached skill level 10 in Hexes
 44194 | Spider:1 | Reached skill level 10 in Summonings
 44194 | Spider:1 | Reached skill level 10 in Necromancy
 44194 | Spider:1 | Reached skill level 10 in Transmutations
 44194 | Spider:1 | Reached skill level 10 in Fire Magic
 44194 | Spider:1 | Reached skill level 10 in Ice Magic
 44194 | Spider:1 | Reached skill level 10 in Air Magic
 44194 | Spider:1 | Reached skill level 10 in Earth Magic
 44194 | Spider:1 | Reached skill level 10 in Poison Magic
 44719 | Spider:1 | Reached skill level 12 in Axes
 44959 | Spider:1 | Identified the +9 broad axe of Entrepreneurial Spirit
                  | {vorpal, rF+ SInv}
 45017 | Spider:1 | Noticed Agnes
 45030 | Spider:1 | Killed Agnes
 45261 | Spider:1 | You fall into a shaft and drop 1 floor!
 45336 | Spider:2 | Found a runed translucent gate.
 45336 | Spider:2 | Found a runed translucent gate.
 45336 | Spider:2 | Found a runed translucent gate.
 45337 | Spider:2 | Noticed Lotaimix's ghost (adept HOFi)
 46215 | Spider:1 | Noticed reativica's ghost (journeyman CeHu)
 46233 | Spider:1 | Killed reativica's ghost
 46234 | Spider:1 | Reached XP level 18. HP: 137/142 MP: 34/34
 46240 | Spider:1 | Got Isoj's Catalogue of Greatest Risks and Utility
 46250 | Spider:1 | Learned a level 4 spell: Animate Armour
 46729 | Spider:2 | Learned a level 5 spell: Manifold Assault
 48230 | Lair:4   | Killed Kuerar's ghost
 48660 | D:15     | Killed Uvinaotu's ghost
 49245 | Spider:2 | Killed Lotaimix's ghost
 49446 | Spider:3 | Identified the +4 ring mail "Fallo" {Harm +Blink Str-3
                  | SInv}
 49789 | Spider:3 | Learned a level 5 spell: Summon Forest
 50435 | Spider:3 | Reached skill level 13 in Axes
 51180 | Spider:4 | Entered Level 4 of the Spider Nest
 52588 | Spider:4 | Reached XP level 19. HP: 149/149 MP: 36/36
 52821 | Spider:4 | Got a gossamer rune of Zot
 53260 | Shoals:1 | Entered Level 1 of the Shoals
 53346 | Lair:3   | Learned a level 4 spell: Sticky Flame
 54060 | Shoals:1 | Identified the +1 leather armour of Utseow {rN+ Str+4
                  | Dex+4}
 55910 | Shoals:2 | Noticed Polyphemus
 55921 | Shoals:2 | Killed Polyphemus
 55926 | Shoals:2 | Reached skill level 14 in Axes
 56151 | Shoals:2 | Found Ganar's Magic Scroll Shop.
 56725 | Shoals:2 | Learned a level 5 spell: Summon Mana Viper
 57459 | Shoals:3 | Found Kaxaiw's Mayhem Merchandise.
 58217 | Shoals:3 | Got the Grimoire of Conjuration and Toxins
 58673 | Shoals:4 | Entered Level 4 of the Shoals
 59696 | Shoals:4 | Found a burning altar of Makhleb.
 60293 | Shoals:4 | Reached XP level 20. HP: 144/158 MP: 36/37
 60302 | Shoals:4 | Found the +2 hood of the Assassin {Detection Stab+ Stlth++}
 60921 | Shoals:4 | Identified the ring "Oruozi Jeah" {rF+ Int+6}
 60983 | Shoals:4 | Got a barnacled rune of Zot
 62335 | Vaults:1 | Entered Level 1 of the Vaults
 62808 | Vaults:1 | Reached skill level 15 in Axes
 64239 | Vaults:1 | Escaped the Abyss
 64279 | Vaults:1 | Paralysed by a vampire knight for 5 turns
 64281 | Vaults:1 | HP: 6/159 [tengu reaver/bolt of poison (4)]
 64282 | Vaults:1 | HP: 2/159 [poisoned by a tengu reaver (bolt of poison)]
 64283 | Vaults:1 | Succumbed to a tengu reaver's bolt of poison

Illustrated notes

Levels and vault maps discovered:
D:1:      roderic_crop_circles_arrival_small, layout_loops_ring,
          ebering_ecumenical_altar_abandoned
D:2:      layout_basic, kennysheep_minor_cross
D:3:      layout_loops_ring
D:4:      layout_loops_ring, gammafunk_ghost_abyssal_escape
D:5:      layout_basic, minmay_misc_feat_alley, uniq_ijyb
D:6:      layout_loops_corners, minmay_temple_entry_proselytizer,
          minmay_fractal_squares_diagonal_5
D:7:      minmay_blocky_corners, layout_basic, serial_shops,
          nicolae_diamond_shop, lightli_church_of_beogh, uniq_maggie
D:8:      layout_basic, erik_lair_orcish_takeover, gup_ossuary_entry_pyramid,
          uniq_pikel, uniq_maurice
D:9:      layout_gridville, nicolae_overflow_hidden_temple, lightli_orcish_oven
D:10:     layout_layer_cave, gammafunk_temple_overflow_statue
D:11:     minmay_the_grid_triangle_9x9_recursive_2
          [minmay_the_grid_triangle_9x9_prize_center,
          minmay_the_grid_triangle_9x9_zippers_vertical,
          minmay_the_grid_triangle_9x9_limited_checkers,
          minmay_the_grid_triangle_9x9_alien], layout_basic
D:12:     layout_roguey, hiddenorc2_lemuel
D:13:     layout_grid_maze, st_stairs_10, uniq_josephine
D:14:     layout_basic, skrybe_vaults_entry_preservation, nicolae_lava_and_water
D:15:     grunt_enter_depths_snipers, layout_rooms, serial_shops,
          nicolae_square_shop, nicolae_shop_crystal, nicolae_shop_trees,
          maelrawn_ghost_gauntlet_escape, hangedman_ru_absence
Lair:1:   layout_cave_pods, minmay_holes, minmay_hedge_maze, uniq_urug
Lair:2:   layout_roguey, spider_nest_entry_a, grunt_megastairs_4,
          minmay_lair_oklob_chamber, infiniplex_staircase_pool
Lair:3:   layout_hall_layers, elwin_shoals_entry_rocks
Lair:4:   beast_lair_carwin_large_4, layout_gridlike, gammafunk_ghost_split,
          st_stairs_10, serial_bayou_crossing
Lair:5:   minmay_lair_oklob_tunnel, layout_gridlike, basic_altar, minivault_19
Lair:6:   due_jungle_book, layout_regular_city, slime_altar_2, uniq_rupert,
          uniq_sonja
Shoals:1: layout_shoals
Shoals:2: layout_shoals, serial_shops, shop, nicolae_shoals_water_booths,
          uniq_polyphemus
Shoals:3: layout_shoals, minmay_shop_mayhem
Shoals:4: shoals_end_grunt_ice, layout_shoals, lemuel_oklob_altar
Spider:1: layout_chambers, ebering_ghost_reflecting_pool, uniq_agnes
Spider:2: layout_spider_delve, gammafunk_ghost_necromancy,
          nicolae_spider_acid_house
Spider:3: layout_chambers
Spider:4: guppyfry_spider_rune
Orc:1:    layout_caves, basic_altar, hellmonk_guarded_unrand_dark_maul
Orc:2:    st_orc_open, layout_caves, basic_altar, roderic_batcave
Vaults:1: ebering_vaults_ghost_gozag, nicolae_vaults_network_star,
          grunt_vaults_focal, nicolae_vaults_little_ls, grunt_vaults_funnel,
          st_greater_box_1, hangedman_vaults_trim, v_misc_11,
          nicolae_vaults_little_squares_4, vaults_room_pools,
          hangedman_vaults_impose, nicolae_vaults_mini_display_case,
          layout_vaults_omnicross, serial_shops, nicolae_square_shop

Skill      XL: |  1  2  3  4  5  6  7  8  9 10 11 12 13 14 15 16 17 18 19 20 |
---------------+-------------------------------------------------------------+-----
Spellcasting   | 5 6 7 8 9 10 11 12 13 14 | 14.3
Invocations    | 1 2 3 4 5 7 8 9 10 11 12 13 14 | 14.7
Short Blades   | 1 2 3 4 6 7 8 9 10 11 12 13 | 13.6
Long Blades    | 1 2 3 4 6 7 8 9 10 11 12 13 | 13.6
Axes           | 1 2 3 4 6 7 8 9 10 11 12 13 14 15 | 15.4
Polearms       | 1 2 3 4 6 7 8 9 10 11 12 13 | 13.6
Staves         | 1 2 3 4 6 7 8 9 10 11 12 13 | 13.6
Slings         | 1 2 3 4 6 7 8 9 10 11 12 13 | 13.6
Bows           | 1 2 3 4 6 7 8 9 10 11 12 13 | 13.6
Crossbows      | 1 2 3 4 6 7 8 9 10 11 12 13 | 13.6
Stealth        | 1 2 3 4 6 7 8 9 10 11 12 13 | 13.6
Shields        | 1 2 3 4 6 7 8 9 10 11 12 13 | 13.6
Unarmed Combat | 1 2 3 4 6 7 8 9 10 11 12 13 | 13.6
Evocations     | 1 2 3 4 6 7 8 9 10 11 12 13 | 13.6
Conjurations   | 1 2 3 4 5 6 7 8 9 10 11 | 11.7
Hexes          | 1 2 3 4 5 6 7 8 9 10 11 | 11.7
Summonings     | 1 2 3 4 5 6 7 8 9 10 11 | 11.7
Necromancy     | 1 2 3 4 5 6 7 8 9 10 11 | 11.7
Transmutations | 1 2 3 4 5 6 7 8 9 10 11 | 11.7
Fire Magic     | 1 2 3 4 5 6 7 8 9 10 11 | 11.7
Ice Magic      | 1 2 3 4 5 6 7 8 9 10 11 | 11.7
Air Magic      | 1 2 3 4 5 6 7 8 9 10 11 | 11.7
Earth Magic    | 1 2 3 4 5 6 7 8 9 10 11 | 11.7
Poison Magic   | 1 2 3 4 5 6 7 8 9 10 11 | 11.7
Throwing       | 3 4 5 6 7 8 9 10 11 12 13 | 13.8
Armour         | 3 4 5 6 7 8 9 10 11 12 13 | 13.8
Fighting       | 5 6 7 8 9 10 11 12 13 14 | 14.2
Maces & Flails | 5 6 7 8 9 10 11 12 13 14 | 14.2
Dodging        | 5 6 7 8 9 10 11 12 13 14 | 14.2
Translocations | 6 7 8 9 10 11 12 | 12.7

Action                   |  1- 3 |  4- 6 |  7- 9 | 10-12 | 13-15 | 16-18 | 19-21 || total
-------------------------+-------+-------+-------+-------+-------+-------+-------++-------
Melee: Mace              |   142 |   208 |   169 |       |       |       |       ||   519
       Bite              |     8 |    20 |    27 |   117 |   320 |   160 |    88 ||   740
       Punch             |       |     1 |     3 |     4 |       |       |       ||     8
       Whip              |       |       |    62 |   845 |  1819 |       |       ||  2726
       Rapier            |       |       |       |       |    16 |   944 |       ||   960
       Maul              |       |       |       |       |       |    12 |       ||    12
       Broad axe         |       |       |       |       |       |   432 |   770 ||  1202
 Fire: Hunting sling     |       |     3 |       |       |       |       |       ||     3
Throw: Javelin           |       |     2 |       |       |       |       |     9 ||    11
 Cast: Blink             |       |       |       |     1 |     6 |     1 |     1 ||     9
       Poisonous Vapours |       |       |       |     6 |    32 |    90 |    48 ||   176
       Gell's Gravitas   |       |       |       |     5 |    56 |     7 |     2 ||    70
       Frozen Ramparts   |       |       |       |       |    26 |    15 |     1 ||    42
       Airstrike         |       |       |       |       |       |    48 |   174 ||   222
       Olgreb's Toxic Ra |       |       |       |       |       |    52 |    34 ||    86
       Call Canine Famil |       |       |       |       |       |     5 |       ||     5
       Ozocubu's Armour  |       |       |       |       |       |     4 |     1 ||     5
       Manifold Assault  |       |       |       |       |       |    68 |    32 ||   100
       Animate Armour    |       |       |       |       |       |     2 |    13 ||    15
       Summon Forest     |       |       |       |       |       |     2 |     9 ||    11
       Summon Mana Viper |       |       |       |       |       |       |    31 ||    31
       Sticky Flame      |       |       |       |       |       |       |     6 ||     6
Invok: Bend Space        |       |     2 |     3 |       |     1 |       |       ||     6
       Banish            |       |       |     3 |     3 |    18 |    13 |     7 ||    44
       Corrupt           |       |       |       |       |     1 |       |       ||     1
       Enter the Abyss   |       |       |       |       |       |       |     1 ||     1
Evoke: Wand              |       |       |       |     5 |     8 |     1 |     2 ||    16
       Lightning rod     |       |       |       |       |       |       |     4 ||     4
       Phantom mirror    |       |       |       |       |       |       |     1 ||     1
  Use: Scroll            |       |     8 |     3 |    10 |     8 |     4 |     7 ||    40
       Potion            |       |       |     1 |     2 |     8 |       |     5 ||    16
 Stab: Distracted        |       |       |       |       |       |     2 |     2 ||     4
       Sleeping          |       |       |       |       |       |     3 |     3 ||     6
       Petrified         |       |       |       |       |       |       |     1 ||     1
       Invisible         |       |       |       |       |       |       |     1 ||     1
Armor: Plate armour      |   106 |   151 |    62 |    30 |       |       |       ||   349
       Chain mail        |       |       |   124 |   244 |   697 |   605 |   502 ||  2172
Dodge: Dodged            |    28 |    31 |    84 |   207 |   571 |   605 |   581 ||  2107
Block: Other             |       |       |    18 |    30 |       |     2 |       ||    50
       Reflection        |       |       |     4 |     6 |     3 |    12 |    38 ||    63
       Buckler           |       |       |       |   234 |   698 |   692 |   505 ||  2129
